 Dungeon Crawl Stone Soup version 0.29-a0-789-g7a8fcbc185 (webtiles) character file.

Game seed: 16902907345110523969

86 purpskrrrp the Shooter (level 4, -4/25 HPs)
             Began as a Deep Elf Hunter on July 2, 2022.
             Slain by an orc
             ... wielding a +0 flail
              (7 damage)
             ... on level 3 of the Dungeon.
             The game lasted 00:15:29 (2109 turns).

purpskrrrp the Shooter (Deep Elf Hunter)            Turns: 2109, Time: 00:15:29

Health: -4/25      AC:  4    Str: 10    XL:     4   Next: 27%
Magic:  6/6        EV: 12    Int: 14    God:
Gold:   107        SH:  0    Dex: 18    Spells: 3/3 levels left

rFire   . . .      SeeInvis +   a - +1 shortbow
rCold   . . .      Faith    .   (shield currently unavailable)
rNeg    . . .      Spirit   .   c - +1 leather armour
rPois   .          Reflect  .   (no helmet)
rElec   .          Harm     .   (no cloak)
rCorr   .          Rampage  .   (no gloves)
Will    .....                   (no boots)
Stlth   ++........              (no amulet)
HPRegen 0.08/turn               f - ring of see invisible
MPRegen 0.10/turn               (no ring)

@: no status effects
A: no striking features
a: no special abilities


You were on level 3 of the Dungeon.
You visited 1 branch of the dungeon, and saw 3 of its levels.

You collected 107 gold pieces.

Inventory:

Hand Weapons
 a - a +1 shortbow (weapon)
 h - a +0 falchion
Armour
 c - a +1 leather armour (worn)
Jewellery
 f - a ring of see invisible (left hand)
 i - a ring of wizardry
Scrolls
 b - a scroll of immolation
 e - 2 scrolls of teleportation
 g - 3 scrolls of identify


   Skills:
 + Level 1.6 Fighting
 * Level 7.2 Ranged Weapons
 + Level 0.1 Armour
 + Level 2.5 Dodging
 * Level 2.2 Stealth


You had 3 spell levels left.
You didn't know any spells.
Your spell library was empty.

Dungeon Overview and Level Annotations

Branches:
Dungeon (3/15)

Altars:
Kikubaaqudgha
Sif Muna


Message History

You shoot an arrow.
The arrow completely misses the orc priest.
You shoot an arrow. The arrow closely misses the orc.
You shoot an arrow. The arrow hits the orc.
The orc is heavily wounded.
The orc priest calls down the wrath of Beogh upon you.
Beogh smites you!
Ouch! That really hurt!
* * * LOW HITPOINT WARNING * * *
An orc is nearby!
There is an open door here.
An orc is nearby!
You feel better. The orc barely misses you. The orc attacks as you move away!
The orc closely misses you. The orc attacks as you move away!
The orc closely misses you. The orc attacks as you move away!
The orc hits you with a +0 flail. The orc attacks as you move away!
The orc hits you with a +0 flail!
* * * LOW HITPOINT WARNING * * *
You feel better. The orc hits you but does no damage.
The orc priest calls upon Beogh to heal the orc.
The orc's wounds heal themselves!
The orc attacks as you move away! The orc barely misses you.
Found 13 gold pieces.
The orc attacks as you move away! The orc barely misses you.
The orc attacks as you move away! The orc hits you but does no damage.
The orc attacks as you move away! The orc barely misses you.
A dart slug comes into view.
The orc attacks as you move away! The orc hits you with a +0 flail.
* * * LOW HITPOINT WARNING * * *
The orc attacks as you move away! The orc completely misses you.
The dart slug launches a dart at you. The slug dart misses you.
The orc attacks as you move away! The orc closely misses you.
The dart slug launches a dart at you. The slug dart hits you.
* * * LOW HITPOINT WARNING * * *
The dart slug bites you but does no damage.
The orc attacks as you move away! The orc barely misses you.
The orc attacks as you move away! The orc hits you with a +0 flail!
You die...

........#_....#############
........###..###.......#
........#8.....#.......#
........###..###....####
......o.##.....#.......#
.......w##8..8##.#..##.#
...[.........###.#<..#.#
.........o.### #.#...#.#
#......#..@.# #.#.#.#.#
#......#....####.#.#.#.#
#......#.......#.#...#.####
#......#.......#.#####.....
########.......'.....######
###.....#.###.# #.........#
#.......#.# #......##.#


You could see an orc priest, a dart slug and an orc.

Vanquished Creatures
  2 adders (D:2)
  A gnoll (D:1)
  A worm (D:2)
  3 dart slugs
  4 ball pythons
  7 endoplasms
  2 giant cockroaches (D:2)
  7 hobgoblins
  A quokka (D:2)
  8 bats
  A frilled lizard (D:2)
  4 goblins
  6 kobolds
  2 rats (D:2)
49 creatures vanquished.

Vanquished Creatures (others)
  7 plants (D:1)
7 creatures vanquished.

Grand Total: 56 creatures vanquished

Notes
Turn   | Place    | Note
-------+----------+-------------------------------------------
     0 | D:1      | purpskrrrp the Deep Elf Hunter began the quest for the Orb.
     0 | D:1      | Reached XP level 1. HP: 12/12 MP: 3/3
   187 | D:1      | Reached skill level 6 in Ranged Weapons
   187 | D:1      | Reached XP level 2. HP: 16/16 MP: 4/4
   465 | D:1      | Reached XP level 3. HP: 20/20 MP: 5/5
  1092 | D:2      | Reached skill level 7 in Ranged Weapons
  1215 | D:2      | Reached XP level 4. HP: 25/25 MP: 6/6
  1929 | D:3      | Found a shimmering blue altar of Sif Muna.
  1932 | D:3      | Found an ancient bone altar of Kikubaaqudgha.
  2060 | D:3      | HP: 1/25 [orc priest/divine providence (15)]
  2081 | D:3      | HP: 1/25 [orc/+0 flail (8)]
  2109 | D:3      | Slain by an orc

Illustrated notes

Levels and vault maps discovered:
D:1:      eino_arrival_water_cross, layout_loops_cross,
          nicolae_kite_square_tiling_tiny, st_stairs_7,
          minmay_misc_feat_hallway, nicolae_grassy_gnolls
D:2:      layout_basic, amethyst_killhole, minmay_statues_item
D:3:      layout_basic, minitemple, nicolae_ru_great_annihilating_truth,
          hex_tiny

Skill      XL: |  1  2  3 |
---------------+----------+-----
Ranged Weapons | 6 7 |  7.2
Stealth        | 2 |  2.2
Fighting       | |  1.6
Armour         | |  0.1
Dodging        | |  2.5

Action                   |  1- 3 |  4- 6 || total
-------------------------+-------+-------++-------
 Fire: Shortbow          |   111 |    49 ||   160
  Use: Scroll            |     3 |     3 ||     6
       Potion            |       |     2 ||     2
Armor: Leather armour    |    22 |     5 ||    27
Dodge: Dodged            |    34 |    23 ||    57

Table legend: (Time is in decaauts)
 A = Elapsed time spent in this place.
 B = Non-inter-level travel time spent in this place.
 C = Inter-level travel time spent in this place.
 D = Time resting spent in this place.
 E = Time spent auto-exploring this place.
 F = Levels seen in this place.
 G = Mean time per level.
                   A        B        C        D        E       F      G
               +--------+--------+--------+--------+--------+-----+--------+
         Total |   2142 |   1998 |    144 |      0 |   1639 |   3 |  714.0 |
       Dungeon |   2142 |   1998 |    144 |      0 |   1639 |   3 |  714.0 |
               +--------+--------+--------+--------+--------+-----+--------+

Top non-repeatable levels by time:
     D:2: 1065 daAuts
     D:1: 800 daAuts
     D:3: 277 daAuts
